 Dungeon Crawl Stone Soup version 0.18.1-48-g4cf74bf (webtiles) character file.

427 Gartch2 the Covert (level 6, -4/32 HPs)
             Began as a Spriggan Assassin on July 27, 2016.
             Slain by a centaur zombie (7 damage)
             ... while paralysed by Grinder
             ... on level 5 of the Dungeon.
             The game lasted 00:56:00 (5229 turns).

Gartch2 the Covert (Spriggan Assassin)              Turns: 5229, Time: 00:56:03

Health: -4/32      AC:  3    Str:  7    XL:     6   Next: 65%
Magic:  7/7        EV:  4    Int: 12    God:
Gold:   137        SH:  0    Dex: 20    Spells: 0 memorised, 5 levels left

rFire  . . .     SeeInvis +     a - +3 dagger
rCold  . . .     Gourm    .     c - +0 robe
rNeg   . . .     Faith    .     (shield restricted)
rPois  .         Spirit   .     (helmet restricted)
rElec  .         Dismiss  .     d - +0 cloak
rCorr  .         Reflect  .     (gloves unavailable)
SustAt .         Harm     .     (boots unavailable)
MR     +....                    (no amulet)
Stlth  +++++.....               (no ring)
                                (no ring)

@: paralysed, very quick, somewhat resistant to hostile enchantments, quite
stealthy
A: unfitting armour, see invisible, herbivore 3, speed 3, slow metabolism 2
a: no special abilities


You were on level 5 of the Dungeon.
You were very hungry.

You visited 1 branch of the dungeon, and saw 5 of its levels.
You also visited: Sewer.

You collected 137 gold pieces.

Inventory:

Hand Weapons
 a - a +3 dagger (weapon)
 b - a +0 blowgun
 p - a +0 hunting sling
Missiles
 e - 31 poisoned needles (quivered)
 f - 2 curare-tipped needles
 h - 50 arrows
 s - 4 needles of confusion
Armour
 c - a +0 robe (worn)
 d - a +0 cloak (worn)
 q - a +0 pair of boots
 x - a +0 pair of boots
 y - a +0 animal skin
Jewellery
 i - an uncursed ring of positive energy {unknown}
 k - an uncursed ring of wizardry {unknown}
 l - an uncursed ring of see invisible {unknown}
Scrolls
 v - a scroll of identify
 C - a scroll of amnesia {unknown}
Potions
 j - a potion of mutation {unknown}
 m - 2 potions of resistance {unknown}
 n - 5 potions of agility
 o - 10 potions of curing
 r - 3 potions of heal wounds
 t - a potion of might {unknown}
 u - a potion of berserk rage {unknown}
 w - 2 potions of brilliance {unknown}
 A - a potion of lignification {unknown}
 B - 4 potions of flight
Comestibles
 g - 2 bread rations
 z - a slice of pizza


   Skills:
 - Level 3.0 Fighting
 + Level 4.2 Short Blades
 - Level 2.0 Throwing
 + Level 5.2 Dodging
 + Level 8.2 Stealth


You had 5 spell levels left.
You didn't know any spells.

Dungeon Overview and Level Annotations

Branches:
Dungeon (5/15)
 Temple: D:4-7

Altars:
Sif Muna
Trog
Vehumet

Annotations:
D:2 Ijyb, Ijyb
D:3 Natasha
D:5 Duvessa, Grinder


Innate Abilities, Weirdness & Mutations

You are tiny and cannot use many weapons and most armour.
You have supernaturally acute eyesight.
You are a herbivore.
You cover ground extremely quickly.
You need consume almost no food.


Message History

Grinder says, "There's only one good use for a tongue: cutting it out."
Grinder blinks!
You open the door.
Found 14 gold pieces.
There is an open door here.
Press: ? - help, v - describe, . - travel Some deep water.
The centaur zombie completely misses you.
The jackal misses you. The jackal misses you. Grinder gestures at you.
You suddenly lose the ability to move!
The adder bites you. The centaur zombie hits you!
* * * LOW HITPOINT WARNING * * *
The jackal bites you.
* * * LOW HITPOINT WARNING * * *
The adder bites you.
* * * LOW HITPOINT WARNING * * *
The centaur zombie hits you!
You die...

#............#....
#?................
#............#....
#......§...##....
####..O##...## .S.
#......o.h### ...
#...5.....# .#
#.........# ..
########@h......#
≈≈≈≈≈≈≈#ZS......#
≈≈...≈≈#........#
≈.....≈#.########
≈......'.#
≈.$...≈### ≈≈...≈≈
≈≈≈≈≈≈≈ #######


You could see Grinder, an ogre, an adder, an orc, a centaur zombie and 2
jackals.

Vanquished Creatures
  2 big kobolds (Sewer)
  An orc wizard (D:4)
  A worker ant (D:4)
  6 adders
  6 river rats
  A shadow imp (D:4)
  An ooze (Sewer)
  2 worms (D:3)
  2 dart slugs
  6 giant geckos
  5 orcs
  6 ball pythons
  6 giant cockroaches
  4 goblins
  3 hobgoblins
  8 jackals
  A quokka (D:4)
  8 bats
  3 giant newts
  18 kobolds
  29 rats
119 creatures vanquished.

Notes
Turn   | Place    | Note
--------------------------------------------------------------
     0 | D:1      | Gartch2 the Spriggan Assassin began the quest for the Orb.
     0 | D:1      | Reached XP level 1. HP: 10/10 MP: 2/2
    54 | D:1      | Reached skill level 6 in Stealth
   341 | D:1      | Reached XP level 2. HP: 15/15 MP: 3/3
  1376 | D:2      | Reached XP level 3. HP: 18/18 MP: 4/4
  1534 | D:2      | Noticed Ijyb
  1734 | D:2      | Found a bloodstained altar of Trog.
  2285 | D:3      | Reached XP level 4. HP: 17/23 MP: 5/5
  2346 | D:3      | Found a glowing drain.
  2350 | Sewer    | Entered a sewer
  2998 | Sewer    | Reached XP level 5. HP: 27/27 MP: 6/6
  3074 | Sewer    | Reached skill level 7 in Stealth
  3557 | Sewer    | Reached XP level 6. HP: 32/32 MP: 7/7
  3827 | D:3      | Reached skill level 5 in Dodging
  3861 | D:3      | Found a radiant altar of Vehumet.
  4316 | D:3      | Noticed Natasha
  4922 | D:4      | Reached skill level 8 in Stealth
  5026 | D:4      | Found a deep blue altar of Sif Muna.
  5158 | D:5      | Entered Level 5 of the Dungeon
  5204 | D:5      | Noticed Grinder
  5211 | D:5      | Noticed Duvessa
  5228 | D:5      | Paralysed by Grinder for 3 turns
  5229 | D:5      | Slain by a centaur zombie

Skill      XL: |  1  2  3  4  5  6 |
---------------+-------------------+-----
Stealth        | 6 7 8 |  8.2
Dodging        | 2 3 4 5 |  5.2
Fighting       | 2 3 |  3.0
Short Blades   | 3 4 |  4.2
Throwing       | |  2.0

Action                   |  1- 3 |  4- 6 || total
-------------------------+-------+-------++-------
Melee: Dagger            |    72 |   121 ||   193
 Fire: Blowgun           |    27 |   143 ||   170
  Use: Scroll            |     3 |     5 ||     8
       Potion            |       |     1 ||     1
 Stab: Sleeping          |    20 |    21 ||    41
Armor: Robe              |     2 |    11 ||    13
Dodge: Dodged            |    36 |   119 ||   155
